woodfighter, neutral female scurrid Tourist --- --.-- |...| ------|...| ----- |.|..---..| --- |...| |.........---.| |...-- --......(.....| |....-----.--.........-- ---.--..||...|-....(.....| |...||..--.-)|...........| --.------..^.............-- >.. ...-- -.--............-| ..... . ..... .||-............| ..%.---.- ---.-- |............-- ...[--.----..... --....|.--.|.| ...)...--..... ---.------|.| ..II........ |.--- |.--- -.^........ |...| |...| ---......- |...| --.*| ---.|.- ----- |..| --- ---- woodfighter the Excursionist Experience level: 7 Strength: 12 Dexterity: 12 Constitution: 14 Intelligence: 13 Wisdom: 13 Charisma: 17 Health: 0(43) Energy: 31(31) Def: 7 Gold: 0 Moves: 5422 Dungeon seed: Nueol5jOkB-ba_jQ Game ID: woodfighter_1517704886 Your Inventory: Amulets O - an uncursed amulet of magical breathing (being worn) Weapons a - 32 +2 darts (in quiver) P - 4 +0 darts Armor e - an uncursed +0 Hawaiian shirt (being worn) n - an uncursed +0 dwarvish cloak (being worn) q - an uncursed +0 pair of elven boots (being worn) r - a cursed +0 dwarvish cloak z - an uncursed +0 dwarvish cloak N - an uncursed +0 dwarvish mithril-coat (being worn) Y - an uncursed +0 dwarvish cloak Comestibles b - an uncursed orange d - 3 uncursed chestnuts v - an uncursed banana Q - an uncursed pancake Z - 5 uncursed food rations Scrolls J - an uncursed scroll of scare monster Potions h - an uncursed potion of full healing S - an uncursed potion of hallucination Wands t - a wand of lightning (0:6) u - a wand of sleep (0:3) A - a cursed wand of cold (0:5) F - a wand of digging (0:7) R - a wand of speed monster (0:5) Tools f - a cursed brass lantern (lit) (0:1283) i - an expensive camera (0:84) l - an uncursed oil lamp (0:1337) o - 3 uncursed tallow candles (0:200) s - an uncursed bag of holding w - an uncursed skeleton key y - an uncursed credit card Contents of the bag of holding: 11 gold pieces a [uncursed] scroll of blank paper an uncursed scroll of scare monster a [uncursed] spellbook of cure blindness a [uncursed] potion of water Spells and supernatural/magical abilities: Name Level Category Fail Memory W - pray for help -- divine ? -- Your skills at the end: Miscellaneous Skills wands [Basic] Weapon Skills dart [Skilled] Spellcasting Skills Final Attributes: You were devoutly aligned. You were fire resistant. You were poison resistant. Your writing paw was ok. You had infravision. You were very stealthy. You could survive without air. You are dead. Vanquished creatures: 2 giant mimics 2 dingos a blue jelly a bugbear an imp a baby crocodile a wood nymph a rock mole a shrieker 2 gnome lords a red naga hatchling a golden naga hatchling an elf zombie a ghoul 2 paper golems 3 giant ants 2 puppies a floating eye a kitten 7 dwarves 2 homunculi a kobold lord 2 iguanas 4 hill orcs a rabid rat 4 jitterbugs an orc zombie a dwarf zombie a wererat 3 killer bees 6 coyotes 4 hobbits 3 acid blobs 3 large kobolds 7 geckos 4 hobgoblins 5 giant rats a cave spider a brown mold 3 yellow molds a red mold 18 gnomes 2 garter snakes 3 manes a gnome zombie 4 jackals 4 foxes 5 kobolds 9 newts 4 goblins 6 sewer rats 11 grid bugs 4 bats 3 lichens 165 creatures vanquished. Voluntary challenges: You did not cause conflict. You were not invisible. You did not have reflection. You were not displaced. You never hit with a wielded weapon. You did not apply a unicorn horn. You did not use plumbed fixtures. You did not drink any magical draughts. You read items or engraved 1 time, starting on turn 2326. You never genocided any monsters. You never polymorphed an object. You never changed form. You completed Sokoban on turn 4413, according to the rules. You used no wishes. You never split a pudding. You never wrote Elbereth's name. You never violated your personal moral code. Dungeon overview: The Dungeons of Doom: levels 1 to 8 Level 1 a long staircase Level 2 a delicatessen, an altar to Offler, a fountain Level 3 a fountain stairs to The Gnomish Mines Level 4 a fountain Level 5 Level 6 many fountains Level 7 a fountain stairs to Sokoban Level 8 a sink The Gnomish Mines: levels 4 to 6 Level 4 stairs to The Dungeons of Doom Level 5 Level 6 <- You were here Sokoban: levels 3 to 6 Level 3 a magic chest Level 4 a delicatessen, a magic chest Level 5 a fountain Level 6 an altar to Blind Io, a magic chest stairs to The Dungeons of Doom History has recorded: On T:1 you entered the Dungeons of Doom to retrieve the Amulet of Yendor! On T:53 you reached level 2 of The Dungeons of Doom. On T:280 you reached level 3 of The Dungeons of Doom. On T:411 you reached level 5 of The Dungeons of Doom. On T:412 you advanced to experience level 2. On T:438 you reached level 4 of The Dungeons of Doom. On T:460 you advanced to experience level 3. On T:523 you reached level 1 of The Gnomish Mines. On T:779 you advanced to experience level 4. On T:1239 you reached level 6 of The Dungeons of Doom. On T:1503 you reached level 7 of The Dungeons of Doom. On T:1522 you advanced to experience level 5. On T:1929 you reached level 8 of The Dungeons of Doom. On T:2194 you reached level 4 of Sokoban. On T:2241 you advanced to experience level 6. On T:2324 you opened a magic chest. On T:2493 you reached level 3 of Sokoban. On T:3001 you reached level 2 of Sokoban. On T:3418 you reached level 1 of Sokoban. On T:4413 you advanced to experience level 7. On T:4413 you entered the Sokoban zoo. On T:4949 you reached level 2 of The Gnomish Mines. On T:5278 you reached level 3 of The Gnomish Mines. Score breakdown: Gold: 0 ( 0 points) Experience: 7 levels ( 600 points) Exploration: 8 levels ( 210 points) Discoveries: 22 items ( 1100 points) Variety of kills: 54 monsters ( 2000 points) Major goal: finished Sokoban ( 1000 points) Survival: died (score multiplied by 3) Total score: 14730 Latest messages: o - 2 candles. A - a wand of cold. There are several more objects here. You kill the hobgoblin! There are a few objects here. a - a +2 dart (in quiver). There are a few more objects here. You succeed in opening the tin. It smells like giant beetles. You consume pureed giant beetle. The gnome wields a bow! The bow grows roots right in to the gnome's hand! You stop exploring. A cloud of gas puts you to sleep! Something bites! (4x) Something hits! Something punches you! Something bites! (3x) Something hits! Something punches you! Something bites! (2x) Something hits! Something punches you! You die... Final status: Aloha woodfighter the Tourist, killed by a gnome, while sleeping... You died in The Gnomish Mines on dungeon level 6 with 14730 points, and 11 pieces of gold, after 5422 moves. You were level 7 with a maximum of 43 hit points when you died.